 Dungeon Crawl Stone Soup version 0.21.1-1-g345015fe64 (webtiles) character file.

68 TimKlarigon the Covert (level 4, -1/22 HPs)
             Began as a Spriggan Assassin on Apr 16, 2018.
             Was an Initiate of Wu Jian.
             Slain by a gnoll
             ... wielding a +0 flail
              (12 damage)
             ... on level 2 of the Dungeon.
             The game lasted 00:05:50 (2427 turns).

TimKlarigon the Covert (Spriggan Assassin)          Turns: 2427, Time: 00:05:51

Health: -1/22      AC:  3    Str:  7    XL:     4   Next: 1%
Magic:  5/5        EV: 17    Int: 12    God:    Wu Jian [......]
Gold:   41         SH:  0    Dex: 18    Spells: 3/3 levels left

rFire    . . .     SeeInvis +   a - +2 dagger
rCold    . . .     Gourm    .   (shield restricted)
rNeg     . . .     Faith    .   c - +0 robe
rPois    .         Spirit   .   (helmet restricted)
rElec    .         Reflect  .   d - +0 cloak
rCorr    .         Harm     .   (gloves unavailable)
MR       .....                  (boots unavailable)
Stlth    ++++......             (no amulet)
HPRegen  0.07/turn              (no ring)
MPRegen  0.09/turn              (no ring)

@: very quick
A: very small, unfitting armour, see invisible, herbivore, speed 3, slow
metabolism 2
a: Renounce Religion


You were on level 2 of the Dungeon.
You worshipped Wu Jian.
Wu Jian was noncommittal.
You were not hungry.

You visited 1 branch of the dungeon, and saw 2 of its levels.

You collected 41 gold pieces.

Inventory:

Hand Weapons
 a - a +2 dagger (weapon)
 b - a +0 blowgun
 k - a +0 dagger of draining
 q - a +0 hunting sling
Missiles
 e - 8 poisoned needles
 f - 2 curare-tipped needles
 i - 3 tomahawks (quivered)
 t - 61 sling bullets
Armour
 c - a +0 robe (worn)
 d - a +0 cloak (worn)
 l - a +1 helmet of see invisible
 r - a +0 pair of gloves
Jewellery
 v - an uncursed ring of protection from fire {unknown}
Scrolls
 h - a scroll of fear {unknown}
 n - a scroll of magic mapping
 o - a scroll of teleportation {unknown}
 p - 4 scrolls of identify {unknown}
Potions
 j - a potion of flight {unknown}
 m - a potion of curing {unknown}
 s - a potion of experience {unknown}
 u - a potion of degeneration {unknown}
Comestibles
 g - 3 rations


   Skills:
 - Level 1.5 Fighting
 - Level 2.1 Short Blades
 - Level 2.0 Throwing
 - Level 1.5 Dodging
 + Level 8.5 Stealth


You had 3 spell levels left.
You didn't know any spells.

Dungeon Overview and Level Annotations

Branches:
Dungeon (2/15)

Altars:
Wu Jian
The Shining One


Innate Abilities, Weirdness & Mutations

You are very small and have problems with some larger weapons.
You are too small for most types of armour.
You have supernaturally acute eyesight. (SInv)
You are a herbivore.
You cover ground extremely quickly.
You need consume almost no food.


Message History

You have reached level 4!
You closely miss the gnoll. The gnoll misses you. The gnoll closely misses you.
You hit the gnoll.
The gnoll is lightly wounded.
The gnoll completely misses you.
You hit the gnoll.
The gnoll is moderately wounded.
The gnoll barely misses you.
You hit the gnoll.
The gnoll is moderately wounded.
The gnoll barely misses you. The gnoll closely misses you.
You hit the gnoll.
The gnoll is moderately wounded.
The gnoll hits you but does no damage. The gnoll misses you.
You hit the gnoll.
The gnoll is heavily wounded.
The gnoll hits you from afar with a spear.
The gnoll hits you with a flail!
Ouch! That really hurt!
You die...

#####....# #......#..
#........# #......#..
#........# # ###.....w#..
#. #..........#
#..########.....##.#..
#....@gggw...........#
#..##.#############...
........... #...
#...........###########..
.............†.?.gg.g.g..
............###.#.#####..
# ..........# #.#.#####..
..........# #.#........
.......# #.########.


You could see a worm and 3 gnolls.

Vanquished Creatures
  A gnoll (D:2)
  2 adders (D:2)
  An ooze (D:1)
  A leopard gecko (D:1)
  A giant cockroach (D:2)
  3 goblins (D:1)
  4 hobgoblins
  3 jackals (D:1)
  6 kobolds
  A ball python (D:1)
  8 bats
  A frilled lizard (D:1)
  2 rats (D:2)
34 creatures vanquished.

Notes
Turn   | Place    | Note
-------+----------+-------------------------------------------
     0 | D:1      | TimKlarigon the Spriggan Assassin began the quest for the Orb.
     0 | D:1      | Reached XP level 1. HP: 10/10 MP: 2/2
   181 | D:1      | Reached skill level 6 in Stealth
   436 | D:1      | Reached XP level 2. HP: 6/14 MP: 3/3
   937 | D:1      | Reached skill level 7 in Stealth
  1549 | D:2      | Reached XP level 3. HP: 18/18 MP: 4/4
  1559 | D:2      | Found an ornate altar of the Wu Jian Council.
  1575 | D:2      | Became a worshipper of the Wu Jian Council
  2069 | D:2      | Reached skill level 8 in Stealth
  2275 | D:2      | Found a glowing golden altar of the Shining One.
  2417 | D:2      | Reached XP level 4. HP: 12/22 MP: 5/5
  2427 | D:2      | Slain by a gnoll

Skill      XL: |  1  2  3 |
---------------+----------+-----
Stealth        | 6 7 8 |  8.5
Fighting       | |  1.5
Short Blades   | |  2.1
Throwing       | |  2.0
Dodging        | |  1.5

Action                   |  1- 3 |  4- 6 || total
-------------------------+-------+-------++-------
Melee: Dagger            |   173 |     6 ||   179
Invok: Lunge             |    12 |       ||    12
  Use: Scroll            |     1 |       ||     1
 Stab: Sleeping          |     3 |       ||     3
Armor: Robe              |    34 |     1 ||    35
Dodge: Dodged            |   149 |     7 ||   156
